 Dungeon Crawl Stone Soup version 0.23-a0-8-gb809bb7 (webtiles) character file.

16 prawnwizard the Conjurer (level 2, -5/16 HPs)
             Began as a Deep Elf Conjurer on Aug 1, 2018.
             Slain by a bullfrog (7 damage)
             ... on level 2 of the Dungeon.
             The game lasted 00:01:08 (1045 turns).

prawnwizard the Conjurer (Deep Elf Conjurer)        Turns: 1045, Time: 00:01:08

Health: -5/16      AC:  2    Str:  5    XL:     2   Next: 41%
Magic:  1/8        EV: 13    Int: 19    God:
Gold:   28         SH:  4    Dex: 15    Spells: 6/7 levels left

rFire    . . .     SeeInvis .   (no weapon)
rCold    . . .     Gourm    .   (no shield)
rNeg     . . .     Faith    .   i - +0 robe (curse)
rPois    .         Spirit   .   (no helmet)
rElec    .         Reflect  +   (no cloak)
rCorr    .         Harm     .   (no gloves)
MR       .....                  (no boots)
Stlth    ++........             h - +4 amulet of reflection
HPRegen  0.05/turn              (no ring)
MPRegen  0.11/turn              (no ring)

@: no status effects
A: no striking features
a: no special abilities


You were on level 2 of the Dungeon.
You were not hungry.

You visited 1 branch of the dungeon, and saw 2 of its levels.

You collected 28 gold pieces.

Inventory:

Armour
 a - a +0 robe
 i - a cursed +0 robe (worn)
Jewellery
 h - a +4 amulet of reflection (around neck)
Scrolls
 b - a scroll of remove curse {unknown}
 e - 3 scrolls of teleportation {unknown}
Potions
 d - a potion of haste {unknown}
 f - a potion of magic {unknown}
 g - a potion of heal wounds {unknown}
 j - a potion of cancellation {unknown}
Comestibles
 c - 3 rations
 k - a chunk of flesh


   Skills:
 + Level 0.5 Fighting
 - Level 2.4 Dodging
 - Level 2.4 Stealth
 + Level 3.3 Spellcasting
 * Level 4.8 Conjurations


You had 6 spell levels left.
You knew the following spells:

 Your Spells              Type           Power        Failure   Level  Hunger
a - Magic Dart            Conj           ###.         1%          1    None

Your spell library contained the following spells:

 Spells                   Type           Power        Failure   Level  Hunger
 Iskenderun's Mystic Bla  Conj           ###.....     21%         4    ####...
 Fulminant Prism          Conj/Hex       ##........   47%         4    ####...
 Dazzling Spray           Conj/Hex       ##....       16%         3    ###....
 Force Lance              Conj/Tloc      ##......     47%         4    ####...
 Searing Ray              Conj           ###...       3%          2    ##.....


Dungeon Overview and Level Annotations

Branches:
Dungeon (2/15)

Altars:


Message History

Casting: Magic Dart (safe; 1% risk of failure)
Confirm with . or Enter, or press ? or * to list all spells.
Aiming: Magic Dart (safe; 1% risk of failure)
Press: ? - help, Shift-Dir - straight line, f/p - bullfrog
Aim: a bullfrog (heavily wounded)
The magic dart hits the bullfrog.
The bullfrog is severely wounded.
The bullfrog closely misses you.
Casting: Magic Dart (safe; 1% risk of failure)
Confirm with . or Enter, or press ? or * to list all spells.
Aiming: Magic Dart (safe; 1% risk of failure)
Press: ? - help, Shift-Dir - straight line, f/p - bullfrog
Aim: a bullfrog (severely wounded)
The magic dart hits the bullfrog.
The bullfrog is almost dead.
The bullfrog hits you.
* * * LOW HITPOINT WARNING * * *
You block the bullfrog's attack. The bullfrog hits you!
You die...

# ...
.....####
.....SF@#
.....####
... #


You could see a bullfrog and an adder.

Vanquished Creatures
  A dart slug (D:1)
  A leopard gecko (D:1)
  2 hobgoblins (D:1)
  2 ball pythons (D:1)
  3 bats (D:1)
  3 frilled lizards
  A goblin (D:1)
  3 kobolds (D:1)
  A rat (D:1)
17 creatures vanquished.

Notes
Turn   | Place    | Note
-------+----------+-------------------------------------------
     0 | D:1      | prawnwizard the Deep Elf Conjurer began the quest for the Orb.
     0 | D:1      | Reached XP level 1. HP: 10/10 MP: 6/6
   584 | D:1      | Reached XP level 2. HP: 16/16 MP: 4/8
  1036 | D:2      | Noticed a bullfrog
  1045 | D:2      | Slain by a bullfrog

Vault maps used:
D:1:      lightli_arrival_statue_moat
D:2:      lightli_temple_of_fire, chequers_temple_overflow_statue_of_worship,
          uniq_robin

Action                   || total
-------------------------++-------
Melee: Unarmed           ||     8
 Cast: Magic Dart        ||    36
 Stab: Sleeping          ||     1
Dodge: Dodged            ||    13
Block: Other             ||     1

Table legend:
 A = Spawn XP
 B = Non-spawn XP
 C = Spawn XP percentage of total XP
 D = Spawn monster count
 E = Non-spawn monster count
 F = Spawn count percentage of total count
 G = Total turns spent on level
                    A         B        C        D         E        F      G
               +---------+---------+-------+---------+---------+-------+---------
         Total |       0 |      24 |   0.0 |       0 |      17 |   0.0 |  1045
               +---------+---------+-------+---------+---------+-------+---------
           D:1 |       0 |      23 |   0.0 |       0 |      16 |   0.0 |  1036
           D:2 |       0 |       1 |   0.0 |       0 |       1 |   0.0 |     9
               +---------+---------+-------+---------+---------+-------+---------
